MID
LANSING LUGNUTS @ QUAD CITIES RIVER BANDITS
08/06/2045
 
TOP OF THE 1ST
Lansing Lugnuts batting - Pitching for Quad Cities River Bandits : RHP Alex Salinas
Pitching: RHP Alex Salinas
Batting: RHB Justin Geiger 0-0: Called Strike
0-1: Called Strike
0-2: Foul Ball, location: 2F
0-2: Fly out, F3 (Popup, 3SF, EV 75.6 MPH)
Batting: RHB Dylan Phillips 0-0: Called Strike
0-1: Ball
1-1: Foul Ball, location: 2F
1-2: Ball
2-2: Ball
3-2: Fly out, F8 (Flyball, 8LM, EV 93.1 MPH)
Batting: RHB Butch Koglin 0-0: Ball
1-0: Foul Ball, location: 2F
1-1: Ground out 6-3 (Groundball, 6S, EV 66.9 MPH)
Top of the 1st over - 0 runs, 0 hits, 0 errors, 0 left on base; Lansing 0 - Quad Cities 0
BOTTOM OF THE 1ST
Quad Cities River Bandits batting - Pitching for Lansing Lugnuts : LHP Antonio Villarreal
Pitching: LHP Antonio Villarreal
Batting: RHB Edgar Trejo 0-0: Fly out, F8 (Flyball, 78XD, EV 87.5 MPH)
Batting: RHB Sean Mounts 0-0: Fly out, F9 (Flyball, 9S, EV 82.5 MPH)
Batting: LHB Mark Dearth 0-0: Called Strike
0-1: Foul Ball, location: 2F
0-2: Foul Ball, location: 2F
0-2: Ball
1-2: Ball
2-2: Strikes out looking
Bottom of the 1st over - 0 runs, 0 hits, 0 errors, 0 left on base; Lansing 0 - Quad Cities 0
TOP OF THE 2ND
Lansing Lugnuts batting - Pitching for Quad Cities River Bandits : RHP Alex Salinas
Batting: RHB Jon Aguilar 0-0: Foul Ball, location: 2F
0-1: Fly out, F7 (Flyball, 7D, EV 108.1 MPH)
Batting: SHB Jack Andrews 0-0: Called Strike
0-1: SINGLE (Line Drive, 8LS, EV 96.9 MPH)
Batting: RHB Brian Manson 0-0: Ball
Jack Andrews is caught stealing 2nd base 2-4
1-0: Called Strike
1-1: Foul Ball, location: 2F
1-2: Strikes out swinging, 2-3 out at first.
Top of the 2nd over - 0 runs, 1 hit, 0 errors, 0 left on base; Lansing 0 - Quad Cities 0
BOTTOM OF THE 2ND
Quad Cities River Bandits batting - Pitching for Lansing Lugnuts : LHP Antonio Villarreal
Batting: RHB Elijah Hunter 0-0: Ball
1-0: Ball
2-0: Ball
3-0: Base on Balls
Batting: RHB Bruce Bermudez 0-0: Foul Ball, location: 2F
0-1: Called Strike
0-2: Ball
1-2: Ball
2-2: Fly out, F7 (Flyball, 78M, EV 91.2 MPH)
Batting: RHB Justin Olmstead 0-0: Ball
1-0: Ball
2-0: Swinging Strike
2-1: Ball
3-1: Foul Ball, location: 2F
3-2: Strikes out swinging
Batting: SHB Danny Jensen 0-0: Ball
1-0: Ball
2-0: Foul Ball, location: 2F
2-1: Called Strike
2-2: Ball
3-2: Base on Balls
Elijah Hunter to second
Batting: RHB Chris Miller 0-0: Called Strike
0-1: Ball
1-1: Ball
2-1: Ball
3-1: Called Strike
3-2: Foul Ball, location: 2F
3-2: Base on Balls
Elijah Hunter to third
Danny Jensen to second
Batting: RHB Evan Fry 0-0: Ball
1-0: Called Strike
1-1: Foul Ball, location: 2F
1-2: Foul Ball, location: 2F
1-2: Strikes out looking
Bottom of the 2nd over - 0 runs, 0 hits, 0 errors, 3 left on base; Lansing 0 - Quad Cities 0
TOP OF THE 3RD
Lansing Lugnuts batting - Pitching for Quad Cities River Bandits : RHP Alex Salinas
Batting: RHB Justin Powell 0-0: TRIPLE (Flyball, 8RXD, EV 92.5 MPH)
Batting: RHB Bryan Peterson 0-0: Ground out 5-3 (Groundball, 56, EV 95.6 MPH)
Justin Powell scores
Batting: RHB Josh Swartzentruber 0-0: Called Strike
0-1: Swinging Strike
0-2: Ball
1-2: Ball
2-2: Fly out, F8 (Line Drive, 8LD, EV 101.2 MPH)
Batting: RHB Justin Geiger 0-0: Ball
1-0: Ball
2-0: Ground out 4-3 (Groundball, 4M, EV 81.2 MPH)
Top of the 3rd over - 1 run, 1 hit, 0 errors, 0 left on base; Lansing 1 - Quad Cities 0
BOTTOM OF THE 3RD
Quad Cities River Bandits batting - Pitching for Lansing Lugnuts : LHP Antonio Villarreal
Batting: RHB Edgar Trejo 0-0: Hit by Pitch
Batting: RHB Sean Mounts 0-0: Ball
1-0: Called Strike
1-1: Swinging Strike
1-2: Ball
2-2: Strikes out swinging
Edgar Trejo steals 2nd base
Batter strikes out.
Batting: LHB Mark Dearth 0-0: Ball
1-0: Called Strike
1-1: Ball
2-1: Ball
3-1: Foul Ball, location: 2F
3-2: Base on Balls
Batting: RHB Elijah Hunter 0-0: 3-RUN HOME RUN (Flyball, 78XD, EV 103.8 MPH), Distance : 397 ft
Batting: RHB Bruce Bermudez 0-0: Called Strike
0-1: Ball
1-1: Ball
2-1: Swinging Strike
2-2: Strikes out looking
Batting: RHB Justin Olmstead 0-0: Ball
1-0: Ball
2-0: Ball
3-0: Called Strike
3-1: Base on Balls
Batting: SHB Danny Jensen 0-0: Ball
1-0: Fly out, F8 (Line Drive, 8LD, EV 99.4 MPH)
Bottom of the 3rd over - 3 runs, 1 hit, 0 errors, 1 left on base; Lansing 1 - Quad Cities 3
TOP OF THE 4TH
Lansing Lugnuts batting - Pitching for Quad Cities River Bandits : RHP Alex Salinas
Batting: RHB Dylan Phillips 0-0: Ball
1-0: Ball
2-0: Foul Ball, location: 2F
2-1: Ball
3-1: Foul Ball, location: 2F
3-2: Base on Balls
Batting: RHB Butch Koglin 0-0: Ball
1-0: Ball
Dylan Phillips steals 2nd base
2-0: Ball
3-0: Called Strike
3-1: Foul Ball, location: 2F
3-2: Foul Ball, location: 2F
3-2: Base on Balls
Batting: RHB Jon Aguilar 0-0: Ball
1-0: Called Strike
Dylan Phillips steals 3rd base
Butch Koglin to second
1-1: Swinging Strike
1-2: Strikes out swinging
Batting: SHB Jack Andrews 0-0: Foul Ball, location: 2F
0-1: Called Strike
0-2: Strikes out swinging
Batting: RHB Brian Manson 0-0: Swinging Strike
0-1: Called Strike
0-2: Ball
1-2: Fly out, F9 (Flyball, 9LS, EV 77.5 MPH)
Top of the 4th over - 0 runs, 0 hits, 0 errors, 2 left on base; Lansing 1 - Quad Cities 3
BOTTOM OF THE 4TH
Quad Cities River Bandits batting - Pitching for Lansing Lugnuts : LHP Antonio Villarreal
Batting: RHB Chris Miller 0-0: Ball
1-0: Ball
2-0: Ball
3-0: Called Strike
3-1: Ground out 6-3 (Groundball, 6, EV 80.0 MPH)
Batting: RHB Evan Fry 0-0: Foul Ball, location: 2F
0-1: Ball
1-1: Ball
2-1: Foul Ball, location: 2F
2-2: Ground out U3 (Groundball, 34S, EV 87.5 MPH)
Pitching: LHP Trevor Kelley
Batting: RHB Edgar Trejo 0-0: Foul Ball, location: 2F
0-1: SINGLE (Line Drive, 78S, EV 89.4 MPH)
Batting: RHB Sean Mounts 0-0: Ball
1-0: Ball
2-0: Called Strike
2-1: 2-RUN HOME RUN (Flyball, 7LD, EV 96.9 MPH), Distance : 356 ft
Batting: LHB Mark Dearth 0-0: Called Strike
0-1: Swinging Strike
0-2: Strikes out swinging, 2-3 out at first.
Bottom of the 4th over - 2 runs, 2 hits, 0 errors, 0 left on base; Lansing 1 - Quad Cities 5
TOP OF THE 5TH
Lansing Lugnuts batting - Pitching for Quad Cities River Bandits : RHP Alex Salinas
Batting: RHB Justin Powell 0-0: Foul Ball, location: 2F
0-1: Fly out, F3 (Line Drive, 3, EV 73.1 MPH)
Batting: RHB Bryan Peterson 0-0: Called Strike
0-1: Called Strike
0-2: Ball
1-2: Strikes out looking
Batting: RHB Josh Swartzentruber 0-0: Called Strike
0-1: Called Strike
0-2: Ball
1-2: SINGLE (Line Drive, 4D, EV 105.6 MPH)
Batting: RHB Justin Geiger 0-0: Ball
1-0: Called Strike
Josh Swartzentruber steals 2nd base
1-1: Ball
2-1: SINGLE (Groundball, 25, EV 68.1 MPH) (infield hit)
Josh Swartzentruber to third
Batting: RHB Dylan Phillips 0-0: Called Strike
0-1: Foul Ball, location: 2F
0-2: Ball
1-2: Foul Ball, location: 2F
1-2: SINGLE (Flyball, 89S, EV 95.0 MPH)
Josh Swartzentruber scores
Justin Geiger to second
Runner from 2nd tries for 3rd, SAFE, throw by CF made to third
Batting: RHB Butch Koglin Pickoff Throw to First - Out! 1-3
Top of the 5th over - 1 run, 3 hits, 0 errors, 1 left on base; Lansing 2 - Quad Cities 5
BOTTOM OF THE 5TH
Quad Cities River Bandits batting - Pitching for Lansing Lugnuts : LHP Trevor Kelley
Batting: RHB Elijah Hunter 0-0: Ball
1-0: Ball
2-0: Called Strike
2-1: SINGLE (Groundball, 56S, EV 63.8 MPH) (infield hit)
Batting: RHB Bruce Bermudez 0-0: Swinging Strike
0-1: Ball
1-1: Foul Ball, location: 2F
1-2: Foul Ball, location: 2F
1-2: Foul Ball, location: 2F
1-2: DOUBLE (Flyball, 78XD, EV 110.6 MPH)
Elijah Hunter to third
Batting: RHB Justin Olmstead 0-0: Fly out, F8 (Line Drive, 8LD, EV 90.0 MPH)
Batting: SHB Danny Jensen 0-0: Foul Ball, location: 2F
0-1: Ball
1-1: Ball
2-1: SINGLE (Groundball, 56, EV 106.2 MPH)
Elijah Hunter scores
Bruce Bermudez to third
Runner from 3rd tries for Home, throw by LF and OUT! 7-2
Danny Jensen to second
Batting: RHB Chris Miller 0-0: Called Strike
0-1: TRIPLE (Groundball, 3L, EV 108.1 MPH)
Danny Jensen scores
Pitching: RHP Eli Hernandez
Batting: RHB Evan Fry 0-0: Ball
1-0: Swinging Strike
1-1: Ground out U3 (Groundball, 3, EV 86.9 MPH)
Bottom of the 5th over - 2 runs, 4 hits, 0 errors, 1 left on base; Lansing 2 - Quad Cities 7
TOP OF THE 6TH
Lansing Lugnuts batting - Pitching for Quad Cities River Bandits : RHP Alex Salinas
Batting: RHB Butch Koglin 0-0: Ball
1-0: Called Strike
1-1: Ball
2-1: Ball
3-1: Base on Balls
Batting: RHB Jon Aguilar 0-0: Swinging Strike
0-1: Ball
1-1: Swinging Strike
1-2: Strikes out looking
Pitching: RHP Bruce Charles
Batting: SHB Jack Andrews 0-0: Ball
1-0: Swinging Strike
1-1: Swinging Strike
1-2: Ball
2-2: Foul Ball, location: 2F
2-2: Ball
3-2: Base on Balls
Butch Koglin to second
Pinch Hitting: LHB Sonny Flood 0-0: Called Strike
0-1: Ball
1-1: Foul Ball, location: 2F
1-2: Fielders Choice at 2nd, 3-6 (Groundball, 34, EV 88.1 MPH)
Butch Koglin to third
Batting: RHB Justin Powell 0-0: Ball
1-0: Ball
2-0: Swinging Strike
2-1: Ball
3-1: Base on Balls
Sonny Flood to second
Batting: RHB Bryan Peterson 0-0: Foul Ball, location: 2F
0-1: Foul Ball, location: 2F
0-2: Ball
1-2: Strikes out looking
Top of the 6th over - 0 runs, 0 hits, 0 errors, 3 left on base; Lansing 2 - Quad Cities 7
BOTTOM OF THE 6TH
Quad Cities River Bandits batting - Pitching for Lansing Lugnuts : RHP Eli Hernandez
Now in CF: Jon Aguilar
Now in RF: Sonny Flood
Batting: RHB Edgar Trejo 0-0: Called Strike
0-1: Ball
1-1: Ground out U3 (Groundball, 34, EV 85.6 MPH)
Batting: RHB Sean Mounts 0-0: Ball
1-0: Ball
2-0: Fly out, F8 (Flyball, 89M, EV 91.9 MPH)
Batting: LHB Mark Dearth 0-0: Foul Ball, location: 2F
0-1: Ball
1-1: Called Strike
1-2: Strikes out swinging
Bottom of the 6th over - 0 runs, 0 hits, 0 errors, 0 left on base; Lansing 2 - Quad Cities 7
TOP OF THE 7TH
Lansing Lugnuts batting - Pitching for Quad Cities River Bandits : RHP Bruce Charles
Batting: RHB Josh Swartzentruber 0-0: Ball
1-0: Foul Ball, location: 2F
1-1: Swinging Strike
1-2: Ball
2-2: Strikes out swinging
Pinch Hitting: LHB Ray Whitehead 0-0: Swinging Strike
0-1: Ball
1-1: Swinging Strike
1-2: Ball
2-2: Strikes out looking
Batting: RHB Dylan Phillips 0-0: Called Strike
0-1: Ball
1-1: Swinging Strike
1-2: Strikes out swinging
Top of the 7th over - 0 runs, 0 hits, 0 errors, 0 left on base; Lansing 2 - Quad Cities 7
BOTTOM OF THE 7TH
Quad Cities River Bandits batting - Pitching for Lansing Lugnuts : RHP Eli Hernandez
Now at 1B: Tony Vitela
Batting: RHB Elijah Hunter 0-0: Ball
1-0: Swinging Strike
1-1: Called Strike
1-2: Ground out 6-3 (Groundball, 6M, EV 91.2 MPH)
Batting: RHB Bruce Bermudez 0-0: DOUBLE (Line Drive, 9LM, EV 101.9 MPH)
Batting: RHB Justin Olmstead 0-0: Foul Ball, location: 2F
0-1: Foul Ball, location: 2F
0-2: Ball
1-2: SINGLE (Groundball, 5S, EV 76.2 MPH) (infield hit)
Bruce Bermudez to third
Batting: SHB Danny Jensen 0-0: Ball
1-0: Ball
2-0: Called Strike
2-1: Foul Ball, location: 2F
2-2: Strikes out swinging
Batting: RHB Chris Miller 0-0: Ball
1-0: Foul Ball, location: 2F
1-1: Called Strike
Justin Olmstead is caught stealing 2nd base 2-4
Bottom of the 7th over - 0 runs, 2 hits, 0 errors, 1 left on base; Lansing 2 - Quad Cities 7
TOP OF THE 8TH
Lansing Lugnuts batting - Pitching for Quad Cities River Bandits : RHP Bruce Charles
Pitching: RHP Jayson Campbell
Batting: RHB Butch Koglin 0-0: Foul Ball, location: 2F
0-1: Ball
1-1: Foul Ball, location: 2F
1-2: Ground out 6-3 (Groundball, 6, EV 103.1 MPH)
Pitching: RHP Joe Rivin
Batting: RHB Jon Aguilar 0-0: Ball
1-0: Called Strike
1-1: Fly out, F9 (Flyball, 89XD, EV 111.9 MPH)
Batting: SHB Jack Andrews 0-0: Swinging Strike
0-1: Ball
1-1: Foul Ball, location: 2F
1-2: Ball
2-2: Foul Ball, location: 2F
2-2: Strikes out swinging
Top of the 8th over - 0 runs, 0 hits, 0 errors, 0 left on base; Lansing 2 - Quad Cities 7
BOTTOM OF THE 8TH
Quad Cities River Bandits batting - Pitching for Lansing Lugnuts : RHP Eli Hernandez
Batting: RHB Chris Miller 0-0: Ball
1-0: Fly out, F8 (Flyball, 8RM, EV 74.4 MPH)
Batting: RHB Evan Fry 0-0: Called Strike
0-1: Foul Ball, location: 2F
0-2: Ball
1-2: Foul Ball, location: 2F
1-2: Strikes out swinging
Batting: RHB Edgar Trejo 0-0: Ball
1-0: Ball
2-0: Called Strike
2-1: Ball
3-1: Base on Balls
Batting: RHB Sean Mounts 0-0: Ball
1-0: Called Strike
1-1: Foul Ball, location: 2F
1-2: Fly out, F9 (Flyball, 89S, EV 80.6 MPH)
Bottom of the 8th over - 0 runs, 0 hits, 0 errors, 1 left on base; Lansing 2 - Quad Cities 7
TOP OF THE 9TH
Lansing Lugnuts batting - Pitching for Quad Cities River Bandits : RHP Joe Rivin
Batting: LHB Sonny Flood 0-0: Ground out U3 (Groundball, 3L, EV 86.2 MPH)
Batting: RHB Justin Powell 0-0: Called Strike
0-1: Called Strike
0-2: SINGLE (Groundball, 56D, EV 100.6 MPH)
Batting: RHB Bryan Peterson 0-0: Called Strike
0-1: Grounds into double play, 3-6-1 (Groundball, 34, EV 105.6 MPH)
Top of the 9th over - 0 runs, 1 hit, 0 errors, 0 left on base; Lansing 2 - Quad Cities 7
Wednesday, June 22nd , 2022 - OOTP Baseball 23.4 Build 64